 Dungeon Crawl Stone Soup version 0.23.0 (webtiles) character file.

Game seed: 3781808314207970982

413 doot the Conjurer (level 6, -5/46 HPs)
             Began as a Draconian Conjurer on Feb 17, 2019.
             Slain by an orc warrior
             ... wielding a cursed +0 dire flail
              (18 damage)
             ... on level 5 of the Dungeon.
             The game lasted 00:10:36 (2007 turns).

doot the Conjurer (Draconian Conjurer)              Turns: 2007, Time: 00:10:37

Health: -5/46      AC:  8    Str: 10    XL:     6   Next: 59%
Magic:  0/10       EV: 12    Int: 18    God:
Gold:   92         SH:  0    Dex: 11    Spells: 4/11 levels left

rFire    . . .     SeeInvis .   d - +0 rapier
rCold    . . .     Gourm    .   (no shield)
rNeg     . . .     Faith    .   (armour unavailable)
rPois    .         Spirit   .   (helmet restricted)
rElec    .         Reflect  .   (no cloak)
rCorr    .         Harm     .   k - +1 pair of gloves
MR       .....                  (no boots)
Stlth    ++........             (no amulet)
HPRegen  0.15/turn              (no ring)
MPRegen  0.12/turn              (no ring)

@: no status effects
A: unfitting armour, cold-blooded, AC +6
a: no special abilities


You were on level 5 of the Dungeon.
You were not hungry.

You visited 1 branch of the dungeon, and saw 5 of its levels.

You collected 92 gold pieces.

Inventory:

Hand Weapons
 d - a +0 rapier (weapon)
Armour
 k - a +1 pair of gloves (worn)
Scrolls
 a - 2 scrolls of teleportation {unknown}
 g - 2 scrolls of identify {unknown}
 h - 3 scrolls of enchant weapon {unknown}
 j - a scroll of random uselessness {unknown}
Potions
 c - a potion of might {unknown}
 e - a potion of curing {unknown}
 f - a potion of resistance {unknown}
 i - a potion of mutation {unknown}
 l - a potion of haste {unknown}
Comestibles
 b - 6 rations
 m - 2 chunks of flesh


   Skills:
 + Level 0.6 Fighting
 + Level 1.7 Short Blades
 + Level 2.5 Dodging
 + Level 2.4 Stealth
 + Level 1.0 Unarmed Combat
 + Level 3.1 Spellcasting
 + Level 6.4 Conjurations


You had 4 spell levels left.
You knew the following spells:

 Your Spells              Type           Power        Failure   Level  Hunger
a - Magic Dart            Conj           ####         1%          1    None
b - Searing Ray           Conj           ####..       1%          2    ##.....
c - Fulminant Prism       Conj/Hex       ##........   38%         4    ####...

Your spell library contained the following spells:

 Spells                   Type           Power        Failure   Level  Hunger
 Iskenderun's Mystic Bla  Conj           ####....     12%         4    ####...
 Dazzling Spray           Conj/Hex       ##....       13%         3    ###....
 Force Lance              Conj/Tloc      ##......     38%         4    ####...


Dungeon Overview and Level Annotations

Branches:
Dungeon (5/15)
 Temple: D:4-7

Altars:


Innate Abilities, Weirdness & Mutations

Your plain brown scales are hard. (AC +6)
You cannot fit into any form of body armour.
You are cold-blooded and may be slowed by cold attacks.


Message History

The orc warrior hits you with a cursed +0 dire flail!
Casting: Searing Ray (safe; 1% risk of failure)
Confirm with . or Enter, or press ? or * to list all spells.
Aiming: Searing Ray (safe; 1% risk of failure)
Press: ? - help, Shift-Dir - straight line, f/p - orc warrior
Aim: an orc warrior, wielding a +0 dire flail and wearing a +0 chain mail (severely wounded)
The searing ray misses the orc warrior. (Press . to maintain the ray.)
The searing ray hits the orc warrior!
The orc warrior is almost dead.
The orc warrior hits you but does no damage.
You closely miss the orc warrior.
You tail-slap the orc warrior, but do no damage.
The orc warrior is almost dead.
The orc warrior hits you with a cursed +0 dire flail!
* * * LOW HITPOINT WARNING * * *
You barely miss the orc warrior.
The orc warrior is almost dead.
The orc warrior hits you with a cursed +0 dire flail!!
You die...

..........##S
#........##.## #####
#.........%... #...#
#..[####.# #...#
+...'....# #(..#
#.[.####.# #...#
#...# #.###.##...#
#..o# #.....##...#
#..@# #.######.[.#
#...####.######...#
#...<..รท..........#
########.#######'##
#.# #.# #.# #.# #.#
#.# #.#######.#
#.......#.#


You could see an orc warrior.

Vanquished Creatures
  Eustachio (D:4)
  A scorpion (D:4)
  A hound (D:4)
  A centaur skeleton (D:4)
  An orc wizard (D:5)
  An iguana (D:4)
  A worker ant (D:4)
  A hound skeleton (D:4)
  6 adders
  An adder skeleton (D:4)
  A worm (D:4)
  4 leopard geckos
  2 orcs (D:5)
  A bat (D:2)
  A goblin (D:2)
  4 hobgoblins
  A jackal (D:4)
  A quokka (D:5)
  2 ball pythons
  5 frilled lizards
  A jackal skeleton (D:4)
  4 kobolds
  2 rats
44 creatures vanquished.

Notes
Turn   | Place    | Note
-------+----------+-------------------------------------------
     0 | D:1      | doot the Draconian Conjurer began the quest for the Orb.
     0 | D:1      | Reached XP level 1. HP: 14/14 MP: 3/3
   175 | D:2      | Reached XP level 2. HP: 20/20 MP: 1/5
   257 | D:2      | Learned a level 2 spell: Searing Ray
   348 | D:2      | Reached XP level 3. HP: 26/26 MP: 2/6
   712 | D:4      | Reached skill level 5 in Conjurations
   718 | D:4      | Reached XP level 4. HP: 33/33 MP: 1/7
   855 | D:4      | Reached XP level 5. HP: 34/38 MP: 1/8
  1069 | D:4      | Reached skill level 6 in Conjurations
  1518 | D:4      | Noticed Eustachio
  1543 | D:3      | Learned a level 4 spell: Fulminant Prism
  1558 | D:4      | Killed Eustachio
  1558 | D:4      | Reached skill level 1 in Short Blades
  1558 | D:4      | Reached XP level 6. HP: 31/46 MP: 1/10
  1804 | D:5      | Entered Level 5 of the Dungeon
  1892 | D:5      | Reached skill level 1 in Unarmed Combat
  1991 | D:5      | Noticed an orc warrior
  2007 | D:5      | Slain by an orc warrior

Skill      XL: |  1  2  3  4  5  6 |
---------------+-------------------+-----
Stealth        | 2 |  2.4
Dodging        | 2 |  2.5
Conjurations   | 5 6 |  6.4
Short Blades   | 1 |  1.7
Spellcasting   | 3 |  3.1
Unarmed Combat | 1 |  1.0
Fighting       | |  0.6

Action                   |  1- 3 |  4- 6 || total
-------------------------+-------+-------++-------
Melee: Unarmed           |     8 |       ||     8
       Rapier            |     7 |    31 ||    38
       Tailslap          |       |     3 ||     3
 Cast: Magic Dart        |    29 |    26 ||    55
       Searing Ray       |     6 |    13 ||    19
 Stab: Sleeping          |       |     1 ||     1
  Eat: Chunk             |       |     5 ||     5
Armor: Skin              |     9 |    15 ||    24
Dodge: Dodged            |    10 |    26 ||    36
